 Dungeon Crawl Stone Soup version 0.19.5 (console) character file.

36 Grinner the Ruffian (level 3, 0/30 HPs)
             Began as a Minotaur Transmuter on Mar 16, 2017.
             Slain by a dart slug (1 damage)
             ... on level 2 of the Dungeon.
             The game lasted 00:02:09 (1349 turns).

Grinner the Ruffian (Minotaur Transmuter)           Turns: 1349, Time: 00:02:09

Health: 0/30       AC:  2    Str: 14    XL:     3   Next: 19%
Magic:  3/4        EV: 12    Int: 10    God:
Gold:   38         SH:  0    Dex: 11    Spells: 1 memorised, 3 levels left

rFire  x . .     SeeInvis .       - Unarmed
rCold  + . .     Gourm    .     b - +0 robe
rNeg   . . .     Faith    +     (no shield)
rPois  .         Spirit   .     (helmet restricted)
rElec  .         Reflect  .     (no cloak)
rCorr  +         Harm     .     (no gloves)
MR     .....                    (boots currently unavailable)
Stlth  +.........               n - amulet of faith
                                l - ring of ice
                                e - ring of resist corrosion

@: appendage
A: retaliatory headbutt, horns 2, talons 3
a: End Transformation


You were on level 2 of the Dungeon.
You were not hungry.
You had grown temporary talons.
You visited 1 branch of the dungeon, and saw 2 of its levels.

You collected 38 gold pieces.

Inventory:

Missiles
 a - 12 arrows
Armour
 b - a +0 robe (worn)
Jewellery
 e - a ring of resist corrosion (left hand)
 l - a ring of ice (right hand)
 n - an amulet of faith (around neck)
Scrolls
 f - 2 scrolls of noise {unknown}
 g - 3 scrolls of identify {unknown}
 i - 3 scrolls of enchant weapon {unknown}
 k - 2 scrolls of recharging {unknown}
Potions
 j - a potion of curing
Books
 c - a book of Changes

   Spells                             Type                      Level
   a - Beastly Appendage              Transmutation                1
   b - Sticks to Snakes               Transmutation                2
   c - Spider Form                    Transmutation/Poison         3
   d - Ice Form                       Ice/Transmutation            4
   e - Blade Hands                    Transmutation                5
Comestibles
 d - a bread ration
 h - 2 meat rations
 m - 2 chunks of flesh


   Skills:
 + Level 2.9 Fighting
 - Level 2.1 Dodging
 - Level 3.2 Unarmed Combat
 - Level 1.3 Spellcasting
 + Level 2.3 Transmutations


You had 3 spell levels left.
You knew the following spells:

 Your Spells              Type           Power        Failure   Level  Hunger
z - Beastly Appendage     Tmut           #.....       14%         1    ##.....


Dungeon Overview and Level Annotations

Branches:
Dungeon (2/15)

Altars:
Qazlal

Annotations:
D:2 Terence


Innate Abilities, Weirdness & Mutations

You reflexively headbutt those who attack you in melee.
You have a pair of horns on your head.
You have claws for feet.


Message History

You kill the hobgoblin!
Casting: Beastly Appendage
Confirm with . or Enter, or press ? or * to list all spells.
Your feet morph into talons.
It was a potion of curing.
You feel better. The dart slug launches a dart at you. The slug dart hits you!
You hit Terence. You claw Terence, but do no damage.
Terence is moderately wounded.
Terence hits you with a falchion of electrocution.
You hit Terence but do no damage.
Terence is moderately wounded.
Terence hits you with a falchion of electrocution.
You are electrocuted!
Ouch! That really hurt!
* * * LOW HITPOINT WARNING * * *
You hit Terence but do no damage.
Terence is moderately wounded.
The dart slug bites you.
You die...

#.......#...#........
.#++.......#.#.#......<.
.............#.#....###.
...............#....# #.
.............#.#....###.
.........###.#.#........
#.!..............##.....
.......!#....######.....
......w@................
.......@................
........................
..###...................
# #...................
#...............#+##
#...........####
#...........#


You could see Terence and a dart slug.

Vanquished Creatures
  An adder (D:2)
  An ooze (D:1)
  A dart slug (D:1)
  A giant cockroach (D:2)
  6 goblins
  3 hobgoblins
  2 frilled lizards
  2 kobolds
  4 rats
21 creatures vanquished.

Notes
Turn   | Place    | Note
-------+----------+-------------------------------------------
     0 | D:1      | Grinner the Minotaur Transmuter began the quest for the Orb.
     0 | D:1      | Reached XP level 1. HP: 16/16 MP: 1/1
   739 | D:1      | Reached XP level 2. HP: 24/24 MP: 3/3
  1156 | D:2      | Reached XP level 3. HP: 30/30 MP: 2/4
  1300 | D:2      | Found a stormy altar of Qazlal.
  1341 | D:2      | Noticed Terence
  1348 | D:2      | HP: 1/30 [Terence/falchion of electrocution (19)]
  1349 | D:2      | Slain by a dart slug

Skill      XL: |  1  2 |
---------------+-------+-----
Fighting       | 2 |  2.9
Transmutations | 2 |  2.3
Dodging        | |  2.1
Unarmed Combat | |  3.2
Spellcasting   | |  1.3

Action                   || total
-------------------------++-------
Melee: Unarmed           ||    53
       Headbutt          ||     6
       Kick              ||     1
 Cast: Beastly Appendage ||     3
  Use: Potion            ||     1
  Eat: Chunk             ||     1
Armor: Robe              ||     7
Dodge: Dodged            ||    24
